Map: Lightshade LE

Players

SKillous

  • Race: Protoss Protoss
  • League: Grandmaster
  • Spawn Location: 11:00

HeroMarine - Winner!

  • Race: Terran Terran
  • League: Grandmaster
  • Spawn Location: 5:00

Event: DreamHack SC2 Masters 2020 Winter

VOD

Have the link to the VOD?

Description

Time

  • Played on: Nov. 6, 2020, 10:30 a.m.
  • Length: 8:20

All games in this series

Show
View Real Time Build Order
Export as new Build Order

SKillous Protoss 

Build Orders: 1 Gate Expand, Blink Stalkers, Zealot Archon 

Get SALT Encoding   

  12  0:00  Probe  
  13  0:12  Probe  
  14  0:17  Pylon  
  14  0:24  Probe (Chrono Boost)  
  15  0:36  Gateway, Probe (Chrono Boost)  
  16  0:45  Assimilator, Probe (Chrono Boost)  
  17  0:51  Probe  
  18  1:03  Probe  
  19  1:15  Probe  
  20  1:23  Cybernetics Core  
  20  1:34  Nexus, Probe  
  21  1:41  Pylon  
  21  1:46  Assimilator  
  21  1:49  Probe  
  22  1:57  Adept (Chrono Boost)  
  22  2:01  Warp Gate, Probe  
  25  2:13  Probe  
  26  2:25  Probe (Chrono Boost)  
  26  2:26  Twilight Council  
  27  2:34  Stalker  
  27  2:35  Probe (Chrono Boost)  
  30  2:42  Probe (Chrono Boost)  
  31  2:46  Probe (Chrono Boost)  
  32  2:55  Probe (Chrono Boost)  
  32  2:56  Probe (Chrono Boost)  
  34  3:00  Probe (Chrono Boost)  
  34  3:02  Gateway  
  34  3:04  Probe (Chrono Boost)  
  36  3:06  Blink (Chrono Boost)  
  36  3:13  Probe (Chrono Boost)  
  38  3:21  Probe (Chrono Boost)  
  38  3:23  Probe (Chrono Boost)  
  38  3:24  Robotics Facility  
  39  3:28  Probe x2 (Chrono Boost)  
  41  3:39  Probe  
  41  3:40  Probe  
  41  3:42  Nexus  
  41  3:46  Pylon  
  41  3:49  Sentry  
  41  3:51  Probe  
  41  3:53  Pylon  
  41  3:55  Probe  
  45  4:00  Assimilator  
  45  4:03  Probe  
  45  4:06  Stalker  
  45  4:07  Probe  
  49  4:12  Stalker, Observer  
  49  4:15  Probe  
  53  4:19  Probe  
  53  4:24  Pylon  
  54  4:27  Probe  
  55  4:31  Stalker, Probe  
  55  4:36  Stalker  
  60  4:39  Probe  
  60  4:44  Probe  
  61  4:51  Probe (Chrono Boost)  
  63  5:02  Probe x2 (Chrono Boost)  
  63  5:03  Forge, Probe (Chrono Boost)  
  63  5:05  Charge  
  64  5:07  Gateway  
  64  5:08  Gateway  
  64  5:09  Probe (Chrono Boost)  
  64  5:10  Probe (Chrono Boost)  
  66  5:15  Observer  
  66  5:18  Probe  
  66  5:20  Probe  
  69  5:23  Gateway  
  69  5:24  Gateway, Probe  
  70  5:29  Gateway  
  70  5:30  Probe  
  70  5:33  Gateway  
  70  5:34  Protoss Ground Armor Level 1 (Chrono Boost), Probe  
  72  5:36  Probe  
  72  5:39  Observer  
  74  5:46  Zealot, Sentry  
  74  5:49  Assimilator  
  78  5:50  Probe  
  78  5:51  Shield Battery, Probe  
  78  5:53  Pylon  
  78  5:55  Observer  
  80  5:57  Dark Shrine  
  80  6:01  Pylon  
  80  6:03  Zealot x2  
  84  6:07  Pylon  
  84  6:13  Pylon  
  84  6:15  Probe  
  85  6:23  Zealot x4  
  93  6:27  Shield Battery  
  93  6:29  Pylon  
  93  6:31  Shield Battery  
  93  6:32  Stalker x2  
  96  6:33  Pylon  
  96  6:34  Stalker  
  96  6:36  Zealot  
  96  6:47  Probe  
  96  6:53  Zealot x4  
  105  7:01  Zealot x3  
  107  7:06  Zealot  
  99  7:14  Probe  
  98  7:18  Dark Templar x2  
  98  7:20  Zealot x2  
  102  7:24  Robotics Facility  
  102  7:25  Dark Templar x2  
  102  7:26  Zealot, Probe  
  108  7:32  Probe  
  109  7:37  Zealot  
  109  7:42  Archon  
  111  7:44  Zealot x2  
  111  7:50  Zealot  
  92  7:53  Zealot x2  
  92  7:57  Zealot x3  
  90  8:07  Zealot x2  
Show
View Real Time Build Order
Export as new Build Order

HeroMarine Terran - Winner!

Build Orders: Reaper Expand 

Get SALT Encoding   

  12  0:00  SCV  
  13  0:12  SCV  
  14  0:16  Supply Depot  
  14  0:24  SCV  
  15  0:38  SCV  
  15  0:39  Barracks  
  16  0:43  Refinery  
  16  0:50  SCV  
  17  1:02  SCV  
  18  1:14  SCV  
  19  1:27  Orbital Command, Reaper  
  20  1:42  Command Center  
  20  1:50  Supply Depot  
  20  1:53  SCV  
  21  1:58  Marine  
  22  2:05  SCV  
  23  2:10  Factory  
  23  2:17  SCV  
  23  2:20  Refinery  
  23  2:21  Barracks Reactor  
  24  2:29  SCV  
  25  2:35  Bunker  
  25  2:41  SCV  
  26  2:53  Widow Mine, SCV  
  26  2:56  Starport  
  26  2:58  Orbital Command  
  29  3:00  Marine  
  29  3:03  Marine  
  31  3:06  SCV  
  31  3:16  Widow Mine  
  31  3:17  Marine  
  31  3:18  SCV  
  35  3:21  Marine  
  35  3:23  SCV  
  37  3:30  SCV  
  37  3:33  Medivac  
  40  3:35  Supply Depot, SCV  
  40  3:36  Marine  
  40  3:38  Factory Tech Lab  
  40  3:39  Marine  
  43  3:42  SCV  
  43  3:47  SCV  
  45  3:50  Barracks  
  45  3:51  Supply Depot  
  45  3:54  SCV  
  46  3:59  SCV  
  47  4:03  Barracks  
  47  4:04  Marine  
  47  4:05  Marine  
  47  4:08  Raven  
  51  4:10  SCV  
  51  4:12  SCV  
  51  4:16  Supply Depot  
  53  4:22  SCV, Marine x2  
  53  4:24  Factory Tech Lab  
  56  4:26  SCV  
  56  4:27  Engineering Bay  
  57  4:34  SCV  
  57  4:38  SCV  
  59  4:40  Marine x2  
  59  4:45  Refinery  
  59  4:46  SCV  
  59  4:50  SCV  
  61  4:55  Terran Infantry Weapons Level 1  
  61  4:58  Marine, SCV  
  61  4:59  Marine, Factory Reactor, Starport Reactor  
  63  5:00  Stimpack  
  63  5:02  SCV  
  63  5:05  Supply Depot x2, Refinery  
  66  5:07  Marauder  
  66  5:10  Marauder, SCV  
  68  5:14  SCV  
  68  5:16  Marine  
  70  5:22  Supply Depot  
  70  5:24  Combat Shield  
  70  5:26  Marine, SCV  
  70  5:27  SCV  
  70  5:28  Marine  
  74  5:31  Marine  
  74  5:34  Marine  
  76  5:37  Widow Mine x2  
  76  5:40  Supply Depot  
  80  5:44  Marine  
  80  5:46  Marauder  
  83  5:51  Marauder, Marine  
  83  5:52  Medivac x2  
  83  5:56  Supply Depot  
  88  5:58  Widow Mine x2, Supply Depot  
  88  6:02  Marine  
  93  6:07  Marauder  
  93  6:09  Marine  
  93  6:11  Supply Depot  
  96  6:12  Marauder  
  98  6:19  Marine  
  98  6:23  Command Center  
  98  6:25  Widow Mine x2  
  103  6:28  Medivac  
  103  6:29  Medivac  
  103  6:31  SCV x2  
  109  6:33  Supply Depot  
  109  6:36  Marauder  
  109  6:37  Marauder  
  113  6:40  Marine  
  113  6:41  Marine  
  113  6:46  Widow Mine  
  119  6:47  Widow Mine  
  119  6:49  Concussive Shells  
  114  7:04  Marauder x2  
  114  7:08  Widow Mine x2  
  115  7:10  SCV x2  
  115  7:12  Medivac  
  117  7:16  Barracks x2  
  116  7:24  Medivac  
  116  7:25  SCV x2  
  116  7:27  Marauder x2  
  116  7:28  Marine x2  
  126  7:37  SCV x2  
  126  7:41  Missile Turret x2  
  128  7:48  Marauder  
  128  7:49  Marauder, SCV  
  128  7:50  SCV  
  115  8:01  SCV  
  115  8:05  SCV  
Tags
 
Add a new tag
Caveats
  • Supply blocks, unpowered buildings, or Contaminate may cause inaccurate times.
  • Supply counts are checked every 10 seconds.